 Dungeon Crawl Stone Soup version 0.29.0-4-gdea44cf6ec (webtiles) character file.

Game seed: 8562574509139772175

3478 sanka the Zephyrmancer (level 9, 0/47 HPs)
             Began as a Deep Elf Gladiator on Aug 27, 2022.
             Was a Follower of Vehumet.
             Slain by a two-headed ogre
             ... wielding a +0 giant spiked club
              (24 damage)
             ... on level 8 of the Dungeon.
             The game lasted 00:23:23 (10192 turns).

sanka the Zephyrmancer (Deep Elf Gladiator)        Turns: 10192, Time: 00:23:24

Health: 0/47       AC:  5    Str: 11    XL:     9   Next: 79%
Magic:  10/23      EV: 13    Int: 24    God:    Vehumet [*.....]
Gold:   104        SH:  0    Dex: 22    Spells: 7/24 levels left

rFire   . . .      SeeInvis .   a - staff of air
rCold   . . .      Faith    .   (no shield)
rNeg    . . .      Spirit   .   F - +0 leather armour
rPois   .          Reflect  .   c - +0 helmet
rElec   +          Harm     .   (no cloak)
rCorr   .          Rampage  .   m - +0 pair of gloves
Will    .....                   (no boots)
Stlth   ++........              g - amulet of the acrobat
HPRegen 0.15/turn               h - +6 ring of intelligence
MPRegen 0.18/turn               J - +6 ring of dexterity

@: no status effects
A: no striking features
a: Renounce Religion


You were on level 8 of the Dungeon.
You worshipped Vehumet.
Vehumet was aware of your devotion.
You visited 2 branches of the dungeon, and saw 9 of its levels.
You also visited: Sewer.

You collected 381 gold pieces.
You spent 277 gold pieces at shops.

Inventory:

Hand Weapons
 b - a +0 lajatang
 q - a +0 long sword
 G - a +2 dagger of electrocution
Missiles
 d - 3 throwing nets
 e - a javelin
 n - 4 poisoned darts
Armour
 c - a +0 helmet (worn)
 m - a +0 pair of gloves (worn)
 F - a +0 leather armour (worn)
Magical Staves
 a - a staff of air (weapon)
Jewellery
 g - an amulet of the acrobat (around neck)
 h - a +6 ring of intelligence (left hand)
 l - a ring of flight
 r - a ring of poison resistance
 J - a +6 ring of dexterity (right hand)
Wands
 K - a wand of acid (5)
Scrolls
 o - 2 scrolls of fear
 s - 2 scrolls of poison
 t - a scroll of enchant armour
 w - a scroll of amnesia
 x - 3 scrolls of enchant weapon {unknown}
 y - 4 scrolls of blinking
 B - 2 scrolls of vulnerability
 D - 2 scrolls of torment
 E - a scroll of fog {unknown}
 I - a scroll of teleportation
Potions
 f - 2 potions of cancellation {unknown}
 i - 5 potions of curing
 j - a potion of mutation {unknown}
 k - 2 potions of resistance {unknown}
 p - a potion of brilliance {unknown}
 u - a potion of might {unknown}
 v - 2 potions of haste
 z - a potion of flight {unknown}
 A - a potion of ambrosia {unknown}
 C - 3 potions of heal wounds
 H - 2 potions of attraction {unknown}
 L - 2 potions of lignification {unknown}


   Skills:
 - Level 1.5 Fighting
 - Level 4.4 Long Blades
 - Level 2.0 Throwing
 - Level 3.6 Dodging
 - Level 8.0 Spellcasting
 + Level 8.0 Conjurations
 + Level 9.4 Air Magic


You had 7 spell levels left.
You knew the following spells:

 Your Spells              Type           Power      Damage    Failure   Level
a - Shock                 Conj/Air       100%       1d9       1%          1
b - Swiftness             Air            70%        N/A       1%          3
c - Blink                 Tloc           18%        N/A       13%         2
d - Static Discharge      Conj/Air       67%        3-12/arc  1%          2
e - Lightning Bolt        Conj/Air       33%        1d51      7%          5
f - Airstrike             Air            35%        2d(5-21)  1%          4

Your spell library contained the following spells:

 Spells                   Type           Power      Damage    Failure   Level
 Foxfire                  Conj/Fire      100%       2x1d9     1%          1
 Lesser Beckoning         Tloc           9%         N/A       26%         3
 Portal Projectile        Hex/Tloc       18%        N/A       26%         3
 Tukima's Dance           Hex            9%         N/A       26%         3
 Passage of Golubria      Tloc           9%         N/A       63%         4
 Blade Hands              Tmut           4%         N/A       93%         5
 Manifold Assault         Tloc           9%         N/A       93%         5
 Yara's Violent Unravell  Hex/Tmut       4%         3d4       93%         5
 Maxwell's Capacitive Co  Air            35%        ∞         100%        8


Dungeon Overview and Level Annotations

Branches:
Dungeon (8/15)             Temple (1/1) D:5           Sewer (visited)
   Lair: D:8-11

Altars:
Dithmenos
Elyvilon
Fedhas
Gozag
Hepliaklqana
Kikubaaqudgha
Makhleb
Nemelex Xobeh
Okawaru
Ru
Sif Muna
Trog
Uskayaw
Vehumet
Wu Jian
Yredelemnul
Zin
The Shining One

Shops:
D:2 *   D:5 *   D:7 !*:(


Message History

The spell is quite dangerous to miscast (7% risk of failure)!
Continue anyway?
Aiming: Lightning Bolt (quite dangerous; 7% risk of failure)
Press: ? - help, Shift-Dir - straight line, f/p - two-headed ogre
Aim: a two-headed ogre, wielding a +0 giant spiked club and a +0 giant club (lightly wounded, 83% to hit)
You feel a surge of power!
You hear a mighty clap of thunder!
The bolt of lightning hits the two-headed ogre!!
The two-headed ogre is heavily wounded.
You hear a croak.
You hear an angry hiss.
You hear a shout! x3
Unknown command.
Casting: Lightning Bolt (quite dangerous; 7% risk of failure)
Confirm with . or Enter, or press ? or * to list all spells.
The spell is quite dangerous to miscast (7% risk of failure)!
Continue anyway?
Aiming: Lightning Bolt (quite dangerous; 7% risk of failure)
Press: ? - help, Shift-Dir - straight line, p - two-headed ogre You feel a surge of power!
You hear a mighty clap of thunder!
The bolt of lightning misses the two-headed ogre.
The bolt of lightning hits the two-headed ogre!
The two-headed ogre is heavily wounded.
You hear an angry hiss.
You hear an angry buzzing noise.
You hear a shout! x2
Unknown command.
Unknown command.
Casting: Lightning Bolt (quite dangerous; 7% risk of failure)
Confirm with . or Enter, or press ? or * to list all spells.
The spell is quite dangerous to miscast (7% risk of failure)!
Continue anyway?
Aiming: Lightning Bolt (quite dangerous; 7% risk of failure)
Press: ? - help, Shift-Dir - straight line You feel a surge of power!
You hear a mighty clap of thunder!
The bolt of lightning hits the two-headed ogre!
The two-headed ogre is severely wounded.
The bolt of lightning hits the two-headed ogre!
The two-headed ogre is severely wounded.
Unknown command.
The two-headed ogre attacks as you move away!
The two-headed ogre hits you with a +0 giant spiked club!!
The two-headed ogre hits you with a +0 giant club!!
Ouch! That really hurt!
You die...

#.................###.#
#........#####..##.#.########
##....##.# #...............
##...^##.# #...####.#######
#.....##.#####.........).)..#
#..#..#..).......##..........
##..()..........####.#.#####..
...#.#...........# #.#.#
....<###..######@# #.#..
...........#####O###.###.
....)####............# .#
#...## #..#####.##..# .# ####
#..# #.##..# .# #..# #.##..#
.# #..# #.##..###.# ##.#
#.#.....#.# #.# #[#.###.#.#


You could see a two-headed ogre.

Vanquished Creatures
  Eustachio (D:5)
  Menkaure (D:5)
  A steam dragon (D:5)
  2 water moccasins (D:7)
  3 ice beasts (D:7)
  2 ogres
  An orc warrior (D:6)
  2 black bears
  A centaur (D:8)
  6 phantoms
  2 bullfrogs
  A gnoll sergeant (D:6)
  A necrophage (D:8)
  4 scorpions
  A howler monkey (D:6)
  7 hounds
  7 jellies
  3 orc priests
  2 gnoll boudas
  Jessica (D:3)
  Terence (D:2)
  3 iguanas
  3 orc wizards (D:7)
  3 gnolls (D:5)
  14 adders
  4 river rats
  2 shadow imps
  2 white imps
  2 ufetubi
  2 dart slugs
  24 orcs
  3 bats (D:2)
  12 endoplasms
  9 giant cockroaches
  8 hobgoblins
  3 jackals (D:2)
  9 kobolds
  A quokka (D:5)
  9 ball pythons
  4 frilled lizards
  8 goblins
  12 rats
187 creatures vanquished.

Notes
Turn   | Place    | Note
-------+----------+-------------------------------------------
     0 | D:1      | sanka the Deep Elf Gladiator began the quest for the Orb.
     0 | D:1      | Reached XP level 1. HP: 12/12 MP: 3/3
   214 | D:1      | Reached XP level 2. HP: 16/16 MP: 4/4
   323 | D:1      | Found a faded altar of an unknown god.
   930 | D:2      | Reached XP level 3. HP: 18/20 MP: 5/5
  1149 | D:2      | Found Archimihekh's Assorted Antiques.
  1188 | D:2      | Noticed Terence
  1314 | D:2      | Learned a level 1 spell: Shock
  1380 | D:2      | Reached XP level 4. HP: 25/25 MP: 6/6
  1673 | D:2      | Killed Terence
  1674 | D:2      | Reached skill level 1 in Spellcasting
  1674 | D:2      | Reached skill level 1 in Conjurations
  1880 | D:2      | Learned a level 3 spell: Swiftness
  1952 | D:3      | Reached skill level 1 in Air Magic
  2165 | D:3      | Found a glowing drain.
  2187 | D:3      | Reached XP level 5. HP: 22/29 MP: 8/10
  2423 | Sewer    | Entered a sewer
  2730 | Sewer    | Reached skill level 2 in Air Magic
  2801 | Sewer    | Reached XP level 6. HP: 34/34 MP: 12/12
  2910 | Sewer    | Found a viscous altar of Jiyva.
  3110 | D:3      | Noticed Jessica
  3127 | D:3      | Killed Jessica
  4120 | D:4      | Reached skill level 3 in Air Magic
  4227 | D:4      | Reached XP level 7. HP: 38/38 MP: 8/15
  4595 | D:4      | Reached skill level 5 in Spellcasting
  4677 | D:4      | Learned a level 2 spell: Blink
  4779 | D:4      | You fall into a shaft and drop 2 floors!
  4965 | D:6      | Reached skill level 4 in Air Magic
  5051 | D:5      | Entered Level 5 of the Dungeon
  5051 | D:5      | Found Junarof's General Store.
  5056 | D:5      | Bought a scroll of identify for 22 gold pieces
  5163 | D:5      | Reached skill level 5 in Conjurations
  5267 | D:5      | Noticed Menkaure
  5272 | D:5      | Killed Menkaure
  5273 | D:5      | Reached skill level 5 in Air Magic
  5273 | D:5      | Reached XP level 8. HP: 21/43 MP: 11/17
  5485 | D:5      | Reached skill level 6 in Air Magic
  5549 | D:5      | Bought a potion of haste for 110 gold pieces
  5764 | D:6      | Reached skill level 7 in Air Magic
  6011 | D:5      | Learned a level 2 spell: Static Discharge
  6283 | D:5      | Noticed Eustachio
  6297 | D:5      | Killed Eustachio
  6689 | D:5      | Found a staircase to the Ecumenical Temple.
  6927 | Temple   | Entered the Ecumenical Temple
  7115 | Temple   | Became a worshipper of Vehumet
  7509 | D:4      | Learned a level 5 spell: Lightning Bolt
  7514 | D:4      | Learned a level 4 spell: Airstrike
  7612 | D:5      | Reached skill level 8 in Air Magic
  7612 | D:5      | Reached XP level 9. HP: 44/47 MP: 12/20
  8947 | D:7      | Found Loocvoc's General Store.
  8953 | D:7      | Bought a scroll of teleportation for 45 gold pieces
  8953 | D:7      | Bought a scroll of identify for 30 gold pieces
  9078 | D:7      | Found Xigeargh's Book Emporium.
  9581 | D:7      | Reached skill level 9 in Air Magic
  9696 | D:7      | Reached * piety under Vehumet
  9696 | D:7      | Offered knowledge of Foxfire by Vehumet.
  9768 | D:7      | Found Onoaged's Antique Weapon Shoppe.
  9828 | D:7      | Found Osyfo's Distillery.
  9837 | D:7      | Bought a potion of heal wounds for 70 gold pieces
 10164 | D:8      | Noticed a two-headed ogre
 10192 | D:8      | Slain by a two-headed ogre

Illustrated notes

Levels and vault maps discovered:
D:1:      psy_arrival_whirlpool, layout_rooms, ebering_ecumenical_altar_mist
D:2:      layout_basic, serial_shops, nicolae_shop_statue_plus,
          amcnicky_mini_corridor_feature, uniq_terence
D:3:      layout_loops_corners, portal_sewer_entry_a, uniq_jessica
D:4:      layout_loops_ring
D:5:      layout_rooms, temple_statues, serial_shops, nicolae_take_the_stairs,
          nicolae_concentric_dashed_squares_mild, serial_park_tiny_2,
          nzn_random_ring, uniq_menkaure, uniq_eustachio
D:6:      layout_loops_corners
D:7:      layout_loops_cross, serial_shops, shop, shop, shop,
          nicolae_lakefront_shop, kennysheep_generic_room_11
D:8:      layout_loops_ring, chequers_temple_overflow_statue_of_worship
Temple:   regret_index_temple_mists

Skill      XL: |  1  2  3  4  5  6  7  8  9 |
---------------+----------------------------+-----
Long Blades    | 3 4 |  4.4
Spellcasting   | 2 3 4 5 6 8 |  8.0
Conjurations   | 1 2 3 5 6 8 |  8.0
Air Magic      | 1 2 3 5 8 9 |  9.4
Fighting       | |  1.5
Throwing       | |  2.0
Dodging        | |  3.6

Action                   |  1- 3 |  4- 6 |  7- 9 || total
-------------------------+-------+-------+-------++-------
Melee: Long sword        |   116 |       |       ||   116
       Dagger            |       |   131 |    13 ||   144
       Punch             |       |     1 |     2 ||     3
       Staff             |       |       |     4 ||     4
       Lajatang          |       |       |     4 ||     4
Throw: Throwing net      |     1 |       |       ||     1
 Cast: Shock             |       |    69 |   282 ||   351
       Airstrike         |       |       |     5 ||     5
       Lightning Bolt    |       |       |     4 ||     4
       Static Discharge  |       |       |     2 ||     2
  Use: Scroll            |       |       |     7 ||     7
 Stab: Sleeping          |     1 |       |       ||     1
Armor: Leather armour    |    32 |    18 |    35 ||    85
Dodge: Dodged            |    96 |    77 |   156 ||   329
